 Dungeon Crawl Stone Soup version 0.30-a0-586-g23e55c9e0a (webtiles) character file.

Game seed: 2695372713949891286

91 ragingrage the Sneak (level 4, 0/38 HPs)
             Began as a Gnoll Brigand on Jan 3, 2023.
             Slain by a hobgoblin (3 damage)
             ... on level 3 of the Dungeon.
             The game lasted 00:02:28 (1196 turns).

ragingrage the Sneak (Gnoll Brigand)                Turns: 1196, Time: 00:02:29

Health: 0/38       AC:  3    Str: 10    XL:     4   Next: 57%
Magic:  5/5        EV: 12    Int: 12    God:
Gold:   90         SH:  0    Dex: 14    Spells: 5/5 levels left

rFire   . . .      SeeInvis .    s - +3 rapier (holy)
rCold   . . .      Faith    .    (no shield)
rNeg    . . .      Spirit   .    k - +0 robe
rPois   +          Reflect  .    (no helmet)
rElec   .          Harm     .    c - +0 cloak
rCorr   .          Rampage  .    (no gloves)
Will    .....                    (no boots)
Stlth   ++++                     (no amulet)
HPRegen 0.26/turn                g - ring of poison resistance
MPRegen 0.09/turn                (no ring)

@: brilliant, weak-willed
A: fangs 1, strong nose, distributed training
a: no special abilities


You were on level 3 of the Dungeon.
You visited 1 branch of the dungeon, and saw 3 of its levels.

You collected 90 gold pieces.

Inventory:

Hand Weapons
 a - a +2 dagger
 b - a +0 sling
 n - a +0 rapier
 s - a +3 rapier of holy wrath (weapon)
Missiles
 d - 9 poisoned darts (quivered)
 e - 3 curare-tipped darts
Armour
 c - a +0 cloak (worn)
 k - a +0 robe (worn)
Jewellery
 g - a ring of poison resistance (left hand)
Scrolls
 f - a scroll of torment {unknown}
 p - a scroll of identify {unknown}
 r - a scroll of butterflies {unknown}
Potions
 j - a potion of brilliance
 l - a potion of curing
 m - a potion of might {unknown}
 q - a potion of resistance {unknown}


   Skills:
 + Level 4.7 Fighting
 + Level 4.7 Short Blades
 + Level 1.2 Long Blades
 + Level 1.2 Axes
 + Level 1.2 Maces & Flails
 + Level 1.2 Polearms
 + Level 1.2 Staves
 + Level 1.2 Ranged Weapons
 + Level 4.7 Throwing
 + Level 1.2 Armour
 + Level 2.8 Dodging
 + Level 7.8 Stealth
 + Level 1.2 Shields
 + Level 1.2 Unarmed Combat
 + Level 1.2 Spellcasting
 + Level 1.0 Conjurations
 + Level 1.0 Hexes
 + Level 1.0 Summonings
 + Level 1.0 Necromancy
 + Level 1.0 Translocations
 + Level 1.0 Transmutations
 + Level 1.0 Fire Magic
 + Level 1.0 Ice Magic
 + Level 1.0 Air Magic
 + Level 1.0 Earth Magic
 + Level 1.0 Poison Magic
 + Level 1.3 Invocations
 + Level 1.2 Evocations


You had 5 spell levels left.
You didn't know any spells.
Your spell library contained the following spells:

 Spells                   Type           Power      Damage    Failure   Level
 Sublimation of Blood     Necr           4%         N/A       28%         2
 Petrify                  Tmut/Erth      4%         N/A       88%         4
 Irradiate                Conj/Tmut      2%         3d12      99%         5


Dungeon Overview and Level Annotations

Branches:
Dungeon (3/15)

Altars:

Shops:
D:2 *

Annotations:
D:2 Jessica
D:3 Grinder


Innate Abilities, Weirdness & Mutations

You have very sharp teeth.
Your uncanny sense of smell can sniff out nearby items.
Your experience applies equally to all skills.


Message History

The goblin hits you with a +0 club.
* * * LOW HITPOINT WARNING * * *
It was a potion of brilliance.
You feel clever all of a sudden. The kobold misses you.
The goblin hits you with a +0 club.
* * * LOW HITPOINT WARNING * * *
The ball python misses you. The ball python completely misses you.
It was a potion of curing.
You feel better. The kobold completely misses you. The ball python bites you.
* * * LOW HITPOINT WARNING * * *
The ball python grabs you. The ball python constricts you.
* * * LOW HITPOINT WARNING * * *
Blink to where?
Press: ? - help, Dir - move target You escape the ball python's grasp.
As you read the scroll of blinking, it crumbles to dust.
The ball python bites you.
* * * LOW HITPOINT WARNING * * *
The ball python closely misses you. The hobgoblin barely misses you.
You climb downwards.
Level annotation: Grinder
There is a stone staircase leading up here.
Unknown command.
You closely miss the ball python.
You are no longer corroded.
The ball python barely misses you. The ball python grabs you.
The ball python constricts you.
* * * LOW HITPOINT WARNING * * *
The hobgoblin hits you but does no damage.
You barely miss the ball python. The ball python misses you.
The ball python constricts you.
* * * LOW HITPOINT WARNING * * *
The hobgoblin closely misses you.
Unknown command.
You hit the ball python.
You kill the ball python!
The hobgoblin hits you but does no damage.
Unknown command.
You completely miss the hobgoblin. The hobgoblin hits you.
You die...

#.## #... #..#
#..# #..#
#..######
#########........
[.........########
##.............g@#
##...............#
............####.#
..............>..#
###...########.###
#.##..#######.#
#......>....#.#
#.###.#####.#.#
##.# #..# .#.#


You could see a hobgoblin (weak-willed).

Vanquished Creatures
  An orc priest (D:3)
  A gnoll (D:1)
  An adder (D:3)
  2 dart slugs
  3 orcs (D:3)
  5 ball pythons
  4 endoplasms
  2 giant cockroaches
  5 goblins (D:1)
  2 hobgoblins (D:3)
  3 quokkas
  A frilled lizard (D:1)
  2 kobolds
  A rat (D:3)
33 creatures vanquished.

Notes
Turn   | Place    | Note
-------+----------+-------------------------------------------
     0 | D:1      | ragingrage the Gnoll Brigand began the quest for the Orb.
     0 | D:1      | Reached XP level 1. HP: 20/20 MP: 1/1
   160 | D:1      | Reached XP level 2. HP: 10/26 MP: 2/2
   675 | D:2      | Reached XP level 3. HP: 31/31 MP: 3/3
   680 | D:2      | Noticed Jessica
   732 | D:2      | Found Ysig's Assorted Antiques.
   834 | D:3      | Reached skill level 1 in Invocations
   838 | D:3      | Reached skill level 1 in Long Blades
   838 | D:3      | Reached skill level 1 in Axes
   838 | D:3      | Reached skill level 1 in Maces & Flails
   838 | D:3      | Reached skill level 1 in Polearms
   838 | D:3      | Reached skill level 1 in Staves
   838 | D:3      | Reached skill level 1 in Ranged Weapons
   838 | D:3      | Reached skill level 1 in Armour
   838 | D:3      | Reached skill level 1 in Shields
   838 | D:3      | Reached skill level 1 in Unarmed Combat
   838 | D:3      | Reached skill level 1 in Spellcasting
   838 | D:3      | Reached skill level 1 in Evocations
   838 | D:3      | Reached XP level 4. HP: 34/38 MP: 5/5
   877 | D:3      | Reached skill level 1 in Conjurations
   877 | D:3      | Reached skill level 1 in Hexes
   877 | D:3      | Reached skill level 1 in Summonings
   877 | D:3      | Reached skill level 1 in Necromancy
   877 | D:3      | Reached skill level 1 in Translocations
   877 | D:3      | Reached skill level 1 in Transmutations
   877 | D:3      | Reached skill level 1 in Fire Magic
   877 | D:3      | Reached skill level 1 in Ice Magic
   877 | D:3      | Reached skill level 1 in Air Magic
   877 | D:3      | Reached skill level 1 in Earth Magic
   877 | D:3      | Reached skill level 1 in Poison Magic
   998 | D:3      | Noticed Grinder
  1196 | D:3      | Slain by a hobgoblin

Illustrated notes

Levels and vault maps discovered:
D:1:      amcnicky_arrival_abandoned_market, layout_rooms
D:2:      layout_rooms, serial_shops, shop, amcnicky_mini_corridor_feature,
          uniq_jessica
D:3:      gammafunk_wand_slinger, layout_basic, uniq_grinder

Skill      XL: |  1  2  3  4 |
---------------+-------------+-----
Invocations    | 1 |  1.3
Long Blades    | 1 |  1.2
Axes           | 1 |  1.2
Maces & Flails | 1 |  1.2
Polearms       | 1 |  1.2
Staves         | 1 |  1.2
Ranged Weapons | 1 |  1.2
Armour         | 1 |  1.2
Shields        | 1 |  1.2
Unarmed Combat | 1 |  1.2
Spellcasting   | 1 |  1.2
Evocations     | 1 |  1.2
Conjurations   | 1 |  1.0
Hexes          | 1 |  1.0
Summonings     | 1 |  1.0
Necromancy     | 1 |  1.0
Translocations | 1 |  1.0
Transmutations | 1 |  1.0
Fire Magic     | 1 |  1.0
Ice Magic      | 1 |  1.0
Air Magic      | 1 |  1.0
Earth Magic    | 1 |  1.0
Poison Magic   | 1 |  1.0
Fighting       | |  4.7
Short Blades   | |  4.7
Throwing       | |  4.7
Dodging        | |  2.8
Stealth        | |  7.8

Action                   |  1- 3 |  4- 6 || total
-------------------------+-------+-------++-------
Melee: Dagger            |    48 |    36 ||    84
       Bite              |     3 |     4 ||     7
       Punch             |     3 |       ||     3
       Rapier            |       |    13 ||    13
Throw: Dart              |     2 |       ||     2
  Use: Scroll            |       |     4 ||     4
       Potion            |       |     2 ||     2
 Stab: Sleeping          |     8 |     4 ||    12
       Distracted        |       |     1 ||     1
Armor: Robe              |     6 |     8 ||    14
Dodge: Dodged            |    18 |    40 ||    58

Table legend: (Time is in decaauts)
 A = Elapsed time spent in this place.
 B = Non-inter-level travel time spent in this place.
 C = Inter-level travel time spent in this place.
 D = Time resting spent in this place.
 E = Time spent auto-exploring this place.
 F = Levels seen in this place.
 G = Mean time per level.
                   A        B        C        D        E       F      G
               +--------+--------+--------+--------+--------+-----+--------+
         Total |   1174 |   1129 |     45 |    165 |    638 |   3 |  391.3 |
       Dungeon |   1174 |   1129 |     45 |    165 |    638 |   3 |  391.3 |
               +--------+--------+--------+--------+--------+-----+--------+

Top non-repeatable levels by time:
     D:1: 651 daAuts
     D:3: 418 daAuts
     D:2: 104 daAuts
